 Dungeon Crawl Stone Soup version 0.22.1-2-g9c5b331383 (webtiles) character file.

1159 McIrco the Nimble (level 8, -7/56 HPs)
             Began as a Vampire Assassin on Jan 6, 2019.
             Killed from afar by an electric eel (14 damage)
             ... with a bolt of electricity
             ... on level 6 of the Dungeon.
             The game lasted 00:18:07 (12645 turns).

McIrco the Nimble (Vampire Assassin)               Turns: 12645, Time: 00:18:08

Health: -7/56      AC:  5    Str: 10    XL:     8   Next: 16%
Magic:  8/8        EV: 20    Int: 13    God:
Gold:   260        SH:  0    Dex: 18    Spells: 7/7 levels left

rFire    . . .     SeeInvis +   a - +2 dagger
rCold    + + .     Gourm    .   (no shield)
rNeg     + + +     Faith    .   c - +0 robe
rPois    ∞         Spirit   .   (no helmet)
rElec    .         Reflect  .   d - +0 cloak
rCorr    .         Harm     .   B - +0 pair of gloves (curse)
MR       +....                  l - +0 pair of boots
Stlth    +++.......             (no amulet)
HPRegen  0.00/turn              w - +3 ring of slaying
MPRegen  0.11/turn              E - ring of protection from magic

@: bloodless, non-regenerating, very slow
A: fangs 3, see invisible, unbreathing
a: Bat Form


You were on level 6 of the Dungeon.
You were bloodless.

You visited 1 branch of the dungeon, and saw 6 of its levels.

You collected 260 gold pieces.

Inventory:

Hand Weapons
 a - a +2 dagger (weapon)
 b - a +0 blowgun
Missiles
 e - 23 poisoned needles
 f - 2 curare-tipped needles
Armour
 c - a +0 robe (worn)
 d - a +0 cloak (worn)
 l - a +0 pair of boots (worn)
 B - a cursed +0 pair of gloves (worn)
Jewellery
 w - a +3 ring of slaying (left hand)
 y - a +6 ring of intelligence {unknown}
 E - a ring of protection from magic (right hand)
Wands
 F - a wand of enslavement (9)
Scrolls
 g - 2 scrolls of remove curse {unknown}
 h - 2 scrolls of blinking {unknown}
 m - 2 scrolls of random uselessness {unknown}
 q - 2 scrolls of enchant weapon {unknown}
 t - 2 scrolls of identify {unknown}
 u - a scroll of enchant armour {unknown}
 v - a scroll of magic mapping {unknown}
 x - a scroll of amnesia {unknown}
 C - a scroll of teleportation {unknown}
 D - a scroll of fog {unknown}
Potions
 i - a potion of magic {unknown}
 j - 3 potions of brilliance {unknown}
 k - 4 potions of blood
 n - 2 potions of berserk rage {unknown}
 o - 5 potions of curing
 p - 3 potions of heal wounds {unknown}
 r - 2 potions of agility {unknown}
 s - a potion of invisibility {unknown}
 z - 2 potions of might {unknown}
 A - 2 potions of flight {unknown}


   Skills:
 - Level 2.0 Fighting
 - Level 3.0 Short Blades
 - Level 2.2 Throwing
 + Level 10.1 Dodging
 - Level 6.0 Stealth


You had 7 spell levels left.
You didn't know any spells.
Your spell library was empty.

Dungeon Overview and Level Annotations

Branches:
Dungeon (6/15)             Temple (0/1) D:5

Altars:
Dithmenos
Gozag
Sif Muna

Shops:
D:5 %

Annotations:
D:2 Natasha


Innate Abilities, Weirdness & Mutations

You do not heal naturally.
You are immune to poison.
You have razor-sharp teeth.
You have supernaturally acute eyesight. (SInv)
You can survive without breathing.


Message History

* * * LOW HITPOINT WARNING * * *
The bolt of electricity misses you.
Unknown command.
Unknown command.
Your unstable footing causes you to fumble your attack.
You closely miss the electric eel. You bite the electric eel.
You draw the electric eel's blood!
You feel better.
You feel slightly less thirsty.
The electric eel is severely wounded.
You miss the electric eel.
The electric eel is severely wounded.
You closely miss the electric eel.
The electric eel is severely wounded.
You hit the electric eel. Your bite misses the electric eel.
The electric eel is severely wounded.
The electric eel shoots out a bolt of lightning at you!
The bolt of electricity hits you!
* * * LOW HITPOINT WARNING * * *
The bolt of electricity hits you!
You die...

#.###.#.#.##...#
########.##.###.......#
#................##...#
#.##########.###.##....
##≈≈≈.....# #.###.##
##≈♣≈≈≈###>###.......
♣P♣≈≈≈≈≈###........##
♣≈≈P≈≈≈♣≈♣#..#.###.#
♣≈≈♣@≈≈P♣≈#..#.###.#
♣≈≈≈≈;≈≈≈≈♣♣#........#
♣♣≈♣≈≈≈≈≈≈PP≈..#.###.#
♣P≈♣≈≈≈≈≈P≈♣..#.# #.#
♣≈≈≈≈≈≈≈≈♣♣♣..#.# #.#
♣≈P≈≈≈≈≈≈≈≈ ♣..#.# #.#
≈≈≈ ≈≈≈≈≈≈≈P≈≈P.#.# #.#
≈♣P≈≈≈≈≈≈≈P≈≈≈♣.#.#
≈PP♣...#


You could see an electric eel.

Vanquished Creatures
  Grinder (D:4)
  2 ogres (D:4)
  A centaur (D:5)
  2 bullfrogs (D:6)
  A scorpion (D:4)
  A bullfrog zombie (D:5)
  2 crimson imps
  3 hounds
  A centaur skeleton (D:5)
  Jessica (D:2)
  Ijyb (D:5)
  Natasha (twice) (D:2)
  2 worker ants
  A howler monkey zombie (D:6)
  4 gnolls
  5 adders
  A shadow imp (D:5)
  An adder zombie (D:6)
  5 worms
  3 dart slugs
  2 leopard geckos
  3 orcs
  5 giant cockroaches
  6 goblins
  3 hobgoblins
  7 jackals
  4 quokkas
  7 bats
  A frilled lizard (D:2)
  A jackal skeleton (D:4)
  5 kobolds
  A leopard gecko skeleton (D:4)
  A quokka skeleton (D:5)
  3 rats
89 creatures vanquished.

Notes
Turn   | Place    | Note
-------+----------+-------------------------------------------
     0 | D:1      | McIrco the Vampire Assassin began the quest for the Orb.
     0 | D:1      | Reached XP level 1. HP: 16/16 MP: 1/1
  3016 | D:1      | Reached XP level 2. HP: 22/22 MP: 2/2
  3778 | D:2      | Noticed Jessica
  3787 | D:2      | Killed Jessica
  3787 | D:2      | Reached skill level 2 in Dodging
  3787 | D:2      | Reached XP level 3. HP: 27/27 MP: 3/3
  3825 | D:2      | Found a shadowy altar of Dithmenos.
  4326 | D:2      | Noticed Natasha
  4600 | D:2      | Reached XP level 4. HP: 23/33 MP: 4/4
  5123 | D:2      | HP: 1/33 [Natasha/magic dart (7)]
  5127 | D:2      | Killed Natasha
  5127 | D:2      | Reached skill level 3 in Dodging
  5773 | D:2      | Noticed Natasha
  5786 | D:2      | Killed Natasha
  5786 | D:2      | Reached skill level 4 in Dodging
  5895 | D:2      | Noticed Natasha
  5974 | D:2      | Reached XP level 5. HP: 31/38 MP: 5/5
  5988 | D:3      | Found a deep blue altar of Sif Muna.
  6611 | D:3      | You fall through a shaft for 3 floors!
  6614 | D:6      | Reached skill level 5 in Dodging
  6703 | D:6      | Noticed a centaur
  6763 | D:5      | Entered Level 5 of the Dungeon
  8090 | D:4      | Reached XP level 6. HP: 44/44 MP: 6/6
  8103 | D:4      | Reached skill level 6 in Dodging
  8127 | D:4      | Noticed Grinder
  8148 | D:4      | Reached skill level 7 in Dodging
  8681 | D:4      | Paralysed by Grinder for 6 turns
  8707 | D:4      | Paralysed by Grinder for 6 turns
  9385 | D:4      | Paralysed by Grinder for 6 turns
  9709 | D:4      | Paralysed by Grinder for 4 turns
  9720 | D:4      | Paralysed by Grinder for 7 turns
  9732 | D:4      | Paralysed by Grinder for 6 turns
 10519 | D:5      | Reached XP level 7. HP: 30/50 MP: 7/7
 11714 | D:5      | Found Urrauc's Food Emporium.
 11808 | D:5      | Reached skill level 8 in Dodging
 12153 | D:5      | Found an opulent altar of Gozag.
 12380 | D:5      | Noticed Ijyb
 12384 | D:5      | Killed Ijyb
 12423 | D:5      | Found a staircase to the Ecumenical Temple.
 12540 | D:4      | Paralysed by Grinder for 2 turns
 12543 | D:4      | Killed Grinder
 12543 | D:4      | Reached skill level 9 in Dodging
 12543 | D:4      | Reached XP level 8. HP: 44/56 MP: 8/8
 12622 | D:6      | Reached skill level 10 in Dodging
 12645 | D:6      | Killed from afar by an electric eel

Skill      XL: |  1  2  3  4  5  6  7  8 |
---------------+-------------------------+-----
Stealth        | 6 |  6.0
Fighting       | 2 |  2.0
Short Blades   | 3 |  3.0
Throwing       | 2 |  2.2
Dodging        | 2 4 5 7 9 10 | 10.1

Action                   |  1- 3 |  4- 6 |  7- 9 || total
-------------------------+-------+-------+-------++-------
Melee: Dagger            |    90 |   256 |   117 ||   463
       Bite              |    10 |    27 |    16 ||    53
       Unarmed           |       |     5 |       ||     5
 Fire: Blowgun           |       |    28 |    26 ||    54
 Abil: End Transformatio |     1 |     8 |       ||     9
       Bat Form          |     1 |     8 |       ||     9
  Use: Potion            |     4 |     8 |     3 ||    15
 Stab: Sleeping          |     9 |    14 |     8 ||    31
       Distracted        |       |       |     1 ||     1
Armor: Robe              |    22 |    49 |    20 ||    91
Dodge: Dodged            |    83 |   166 |   120 ||   369
